 Dungeon Crawl Stone Soup version 0.21.1-1-g345015f (webtiles) character file.

3063 tester123 the Fighter (level 9, 0/82 HPs)
             Began as a Minotaur Fighter on July 25, 2018.
             Killed from afar by a gargoyle (17 damage)
             ... with a stone arrow
             ... on level 8 of the Dungeon on July 26, 2018.
             The game lasted 00:38:10 (7388 turns).

tester123 the Fighter (Minotaur Fighter)            Turns: 7388, Time: 00:38:10

Health: 0/82       AC: 15    Str: 22    XL:     9   Next: 57%
Magic:  8/8        EV:  5    Int:  5    God:
Gold:   346        SH: 12    Dex: 15    Spells: 8/8 levels left

rFire    . . .     SeeInvis .   a - +0 rapier
rCold    . . .     Gourm    .   c - +0 shield
rNeg     . . .     Faith    .   O - +0 plate armour
rPois    .         Spirit   .   (helmet restricted)
rElec    .         Reflect  .   (no cloak)
rCorr    .         Harm     .   (no gloves)
MR       +....                  o - +0 pair of boots
Stlth    ..........             (no amulet)
HPRegen  0.23/turn              j - ring of protection from magic
MPRegen  0.11/turn              y - +3 ring of dexterity

@: no status effects
A: retaliatory headbutt, horns 2
a: no special abilities


You were on level 8 of the Dungeon.
You were not hungry.

You visited 2 branches of the dungeon, and saw 9 of its levels.
You also visited: Sewer.

You collected 346 gold pieces.

Inventory:

Hand Weapons
 a - a +0 rapier (weapon)
 B - a +1 hand axe of venom
 C - a +0 trident
 G - a +0 falchion
Missiles
 p - a throwing net (quivered)
Armour
 b - a +0 scale mail
 c - a +0 shield (worn)
 o - a +0 pair of boots (worn)
 t - a +0 shield
 v - a +1 leather armour of cold resistance
 z - a +0 chain mail of cold resistance
 D - a +0 chain mail
 O - a +0 plate armour (worn)
Jewellery
 h - an uncursed ring of fire
 j - a ring of protection from magic (left hand)
 y - a +3 ring of dexterity (right hand)
 A - an uncursed ring of flight {unknown}
 Q - a +3 amulet of reflection {unknown}
Wands
 J - a wand of acid (10)
 L - a wand of flame (32)
 P - a wand of random effects (34)
Scrolls
 i - a scroll of noise {unknown}
 l - a scroll of random uselessness {unknown}
 n - a scroll of teleportation {unknown}
 q - 2 scrolls of enchant weapon {unknown}
 u - 3 scrolls of blinking {unknown}
 E - 2 scrolls of amnesia
 F - 2 scrolls of fear {unknown}
 I - 2 scrolls of magic mapping {unknown}
 M - a scroll of fog {unknown}
 N - a scroll of remove curse {unknown}
Potions
 d - 2 potions of might
 e - 3 potions of curing {unknown}
 g - 2 potions of experience {unknown}
 k - a potion of resistance {unknown}
 m - 2 potions of haste {unknown}
 r - 2 potions of heal wounds {unknown}
 s - 5 potions of flight {unknown}
 w - 2 potions of berserk rage {unknown}
 x - a potion of mutation {unknown}
 H - a potion of invisibility {unknown}
Books
 K - a book of Misfortune

   Spells                             Type                      Level
   a - Confusing Touch                Hexes                        1
   b - Confuse                        Hexes                        3
   c - Gell's Gravitas                Translocation                3
   d - Petrify                        Transmutation/Earth          4
   e - Metabolic Englaciation         Hexes/Ice                    5
   f - Yara's Violent Unravelling     Hexes/Transmutation          5
 S - a book of Callings

   Spells                             Type                      Level
   a - Summon Small Mammal            Summoning                    1
   b - Call Imp                       Summoning                    2
   c - Call Canine Familiar           Summoning                    3
   d - Summon Guardian Golem          Hexes/Summoning              3
   e - Summon Lightning Spire         Summoning/Air                4
   f - Summon Ice Beast               Ice/Summoning                4
 T - a book of Flames

   Spells                             Type                      Level
   a - Flame Tongue                   Conjuration/Fire             1
   b - Throw Flame                    Conjuration/Fire             2
   c - Conjure Flame                  Conjuration/Fire             3
   d - Inner Flame                    Hexes/Fire                   3
   e - Sticky Flame                   Conjuration/Fire             4
   f - Fireball                       Conjuration/Fire             5
Comestibles
 f - 10 rations


   Skills:
 + Level 8.9 Fighting
 + Level 7.5 Short Blades
 + Level 8.9 Armour
 - Level 0.2 Dodging
 + Level 8.9 Shields


You had 8 spell levels left.
You didn't know any spells.

Dungeon Overview and Level Annotations

Branches:
Dungeon (8/15)             Temple (1/1) D:7
   Lair: D:8-11

Altars:
Ashenzari
Dithmenos
Elyvilon
Fedhas
Hepliaklqana
Kikubaaqudgha
Nemelex Xobeh
Okawaru
Qazlal
Ru
The Shining One

Shops:
D:5 (

Annotations:
D:4 teukkam's ghost, amateur GrGl
D:8 Joseph


Innate Abilities, Weirdness & Mutations

You reflexively headbutt those who attack you in melee.
You have a pair of horns on your head.


Message History

The gargoyle hurls a stone arrow at you.
The stone arrow misses you.
You hit the gargoyle.
The gargoyle is severely damaged.
The gargoyle hurls a stone arrow at you.
The stone arrow misses you.
You hit the gargoyle.
The gargoyle is severely damaged.
You puncture the gargoyle!
The gargoyle is almost destroyed.
The gargoyle hits you with a mace! The ogre hits you with a giant club!
* * * LOW HITPOINT WARNING * * *
You hit the gargoyle but do no damage.
The gargoyle is almost destroyed.
The gargoyle completely misses you. You furiously retaliate!
You headbutt the gargoyle, but do no damage.
You block the ogre's attack.
The gargoyle hurls a stone arrow at you.
The stone arrow hits you!
You die...

.. .. #.# ..#..
##.## # ..< #...#
##. ... #...#
...######.# #...#
........#.# #.###
..........######.#
........#........#
........@#########
#.......######
#......9.....#
#......†####.#
#######.# #.. #$#
#.. ##.


You could see a gargoyle.

Vanquished Creatures
  An ugly thing (D:7)
  A hippogriff (D:7)
  The ghost of aaksess the Charlatan, an amateur GnAr (D:3)
  An ice beast (D:7)
  2 orc warriors (D:7)
  3 sky beasts (D:5)
  2 phantoms
  An ogre (D:5)
  3 centaurs
  3 bullfrogs
  A big kobold (Sewer)
  2 scorpions
  4 killer bees (D:8)
  2 howler monkeys (D:7)
  2 hounds (D:4)
  A bullfrog zombie (D:5)
  A jelly (D:6)
  3 orc wizards (D:4)
  3 bullfrog skeletons
  2 orc priests
  3 iguanas
  3 worker ants
  A howler monkey skeleton (D:6)
  9 adders
  3 river rats (Sewer)
  2 oozes
  An adder skeleton (D:7)
  3 worms
  6 leopard geckos
  31 orcs
  2 giant cockroaches (D:3)
  6 goblins
  6 hobgoblins
  4 jackals
  6 quokkas
  8 bats
  5 frilled lizards
  A giant cockroach zombie (D:6)
  13 kobolds
  A leopard gecko skeleton (D:6)
  A leopard gecko zombie (D:5)
  7 rats
161 creatures vanquished.

Notes
Turn   | Place    | Note
-------+----------+-------------------------------------------
     0 | D:1      | tester123 the Minotaur Fighter began the quest for the Orb.
     0 | D:1      | Reached XP level 1. HP: 19/19 MP: 0/0
    87 | D:1      | Reached XP level 2. HP: 24/27 MP: 1/1
   621 | D:2      | Reached XP level 3. HP: 22/33 MP: 2/2
  1292 | D:3      | Found a faded altar of an unknown god.
  1305 | D:3      | Noticed aaksess's ghost (amateur GnAr)
  1322 | D:3      | Killed aaksess's ghost
  1322 | D:3      | Reached XP level 4. HP: 26/41 MP: 3/3
  1322 | D:3      | Reached XP level 5. HP: 29/47 MP: 4/4
  1416 | D:3      | Reached skill level 5 in Fighting
  1499 | D:3      | Reached skill level 5 in Armour
  1544 | D:3      | Reached skill level 5 in Shields
  1906 | D:4      | Reached XP level 6. HP: 50/56 MP: 5/5
  2569 | D:4      | Noticed teukkam's ghost (amateur GrGl)
  3290 | D:4      | Reached XP level 7. HP: 37/62 MP: 6/6
  4031 | D:5      | Entered Level 5 of the Dungeon
  4093 | D:5      | Reached skill level 5 in Short Blades
  4154 | D:5      | Reached XP level 8. HP: 27/71 MP: 7/7
  4319 | D:5      | Found Rueloak's Antique Weapon Boutique.
  4686 | D:5      | Found a glowing drain.
  4731 | Sewer    | Entered a sewer
  4898 | Sewer    | Found a white marble altar of Elyvilon.
  5497 | D:6      | Found an iron altar of Okawaru.
  5538 | D:6      | Noticed a gargoyle
  5826 | D:6      | Found an ancient bone altar of Kikubaaqudgha.
  6185 | D:7      | Reached XP level 9. HP: 81/81 MP: 8/8
  6506 | D:7      | Noticed a purple ugly thing
  6518 | D:7      | Killed a purple ugly thing
  6532 | D:7      | Found a staircase to the Ecumenical Temple.
  6566 | Temple   | Entered the Ecumenical Temple
  7066 | D:8      | Noticed Joseph
  7388 | D:8      | Killed from afar by a gargoyle

Skill      XL: |  1  2  3  4  5  6  7  8  9 |
---------------+----------------------------+-----
Fighting       | 4 5 6 8 |  8.9
Armour         | 4 5 6 7 8 |  8.9
Shields        | 4 5 6 8 |  8.9
Short Blades   | 3 4 5 6 7 |  7.5
Dodging        | |  0.2

Action                   |  1- 3 |  4- 6 |  7- 9 || total
-------------------------+-------+-------+-------++-------
Melee: Rapier            |   117 |   160 |   459 ||   736
       Headbutt          |     9 |    33 |    94 ||   136
Throw: Throwing net      |       |     1 |       ||     1
  Use: Scroll            |       |     3 |     2 ||     5
  Eat: Chunk             |     1 |     2 |     7 ||    10
       Ration            |       |     2 |     2 ||     4
Armor: Scale mail        |    61 |    64 |     6 ||   131
       Chain mail        |       |       |    72 ||    72
       Plate armour      |       |       |    53 ||    53
Dodge: Dodged            |    40 |    27 |    78 ||   145
Block: Shield            |    63 |    81 |   210 ||   354
